 Dungeon Crawl Stone Soup version 0.31.0-1-g2c135a0 (webtiles) character file.

Game seed: 3965829065685504645

268 jkw2 the Chopper (level 6, -1/53 HPs)
             Began as a Minotaur Fighter on Apr 13, 2024.
             Was a Follower of Okawaru.
             Slain by a gnoll
             ... wielding a +0 whip
              (4 damage)
             ... on level 3 of the Dungeon.
             The game lasted 00:22:43 (2181 turns).

jkw2 the Chopper (Minotaur Fighter)                 Turns: 2181, Time: 00:22:44

Health: -1/53      AC:  9    Str: 20    XL:     6   Next: 1%
Magic:  5/5        EV: 10    Int: 13    God:    Okawaru [*.....]
Gold:   3          SH:  4    Dex: 10    Spells: 5/5 levels left

rFire   . . .        w - +2 war axe of Guile {flame, Will+ Str-2 Int+2}
rCold   . . .        c - +0 buckler
rNeg    . . .        b - +0 scale mail
rPois   +            (helmet restricted)
rElec   .            y - +0 cloak {rPois}
rCorr   .            (no gloves)
SInv    .            h - +0 pair of boots
Will    +....        (no amulet) Stlth
                     v - +6 ring of intelligence
HPRegen 0.28/turn    (no ring)
MPRegen 0.09/turn

%: no passive effects
@: lethally poisoned (-1 -> -9)
A: horns 2, retaliatory headbutt, high MP 1, wild magic 2
a: Renounce Religion, Heroism


You were on level 3 of the Dungeon.
You worshipped Okawaru.
Okawaru was aware of your devotion.
You visited 1 branch of the dungeon, and saw 3 of its levels.

You collected 163 gold pieces.
You spent 160 gold pieces at shops.

Inventory:

Hand Weapons
 a - a +0 war axe
 e - a +0 dagger
 f - a +1 dagger of speed
 j - a +0 club
 k - a +0 whip
 r - a +0 dagger
 u - a +4 dagger
 w - the +2 war axe of Guile (weapon) {flame, Will+ Str-2 Int+2}
   (You found it on level 2 of the Dungeon)

   Str-2:     It affects your strength (-2).
   Int+2:     It affects your intelligence (+2).
   Will+:     It increases your willpower.
 z - a +3 quarterstaff of chaos
Armour
 b - a +0 scale mail (worn)
 c - a +0 buckler (worn)
 h - a +0 pair of boots (worn)
 m - a +0 scale mail
 s - a +0 robe of willpower
 y - a +0 cloak of poison resistance (worn)
 B - the +1 Delatra's gloves {ID++}
   (You found it on level 3 of the Dungeon)

   ID++:      It heals its wearer when they drink unknown potions, and restores
   their MP when they read unknown scrolls.
 C - a +0 hat
Jewellery
 v - a +6 ring of intelligence (left hand)
Scrolls
 n - a scroll of torment
 o - a scroll of vulnerability {unknown}
 p - a scroll of enchant armour {unknown}
 t - a scroll of blinking {unknown}
 x - 2 scrolls of brand weapon {unknown}
 A - a scroll of amnesia {unknown}
 D - a scroll of teleportation
Potions
 d - a potion of might
 g - a potion of resistance
 i - a potion of curing {unknown}
 l - a potion of attraction {unknown}
 q - a potion of degeneration {unknown}


   Skills:
 + Level 4.6 Fighting
 + Level 5.4 Axes
 + Level 4.8 Armour
 + Level 1.7 Dodging
 + Level 4.2 Shields


You had 5 spell levels left.
You didn't know any spells.
Your spell library contained the following spells:

 Spells                   Type           Power      Damage    Failure   Level
 Blink                    Tloc           0%         N/A       92%         2
 Lesser Beckoning         Tloc           0%         N/A       92%         2
 Momentum Strike          Conj/Tloc      0%         3d8       92%         2
 Frozen Ramparts          Ice            0%         1d1       99%         3
 Leda's Liquefaction      Alch/Erth      0%         N/A       100%        4
 Petrify                  Alch/Erth      0%         N/A       100%        4
 Metabolic Englaciation   Hex/Ice        0%         N/A       100%        5


Dungeon Overview and Level Annotations

Branches:
Dungeon (3/15)

Altars:
Okawaru
Vehumet

Shops:
D:3 !!

Annotations:
D:3 1 transporter


Innate Abilities, Weirdness & Mutations

You have a pair of horns on your head.
You reflexively headbutt those who attack you in melee.
You have an increased reservoir of magic. (+10% MP)
Your spells are harder to cast, but more powerful.


Message History

The gnoll burns the plant.
You block the gnoll's attack.
The gnoll hits the plant with a +0 whip.
The gnoll hits you but does no damage.
You slash the gnoll! You burn the gnoll.
You kill the gnoll!
Okawaru accepts your kill.
You hit the gnoll. You burn the gnoll. You barely miss the gnoll.
A nearby plant withers and dies.
The gnoll hits you but does no damage.
The gnoll zaps a wand.
The puff of flame hits you.
You hit the gnoll. You burn the gnoll.
The gnoll is heavily wounded.
You barely miss the gnoll.
A nearby plant withers and dies.
The gnoll hits you from afar with a +1 halberd of chaos!
The gnoll burns you. The gnoll hits you with a +0 whip.
You hit the gnoll. You burn the gnoll.
The gnoll is heavily wounded.
You slash the gnoll! You burn the gnoll.
You kill the gnoll!
Okawaru accepts your kill.
The gnoll hits you from afar with a +1 halberd of chaos!
You are poisoned.
The gnoll hits you but does no damage.
The gnoll hits you from afar with a +1 halberd of chaos.
The gnoll freezes you.
* * * LOW HITPOINT WARNING * * *
The gnoll hits you with a +0 whip.
* * * LOW HITPOINT WARNING * * *
You block the gnoll's attack.
You slash the gnoll! You burn the gnoll.
You kill the gnoll!
Okawaru accepts your kill.
You hit the gnoll. You burn the gnoll.
* * * LOW HITPOINT WARNING * * *
You feel very sick. You block the gnoll's attack.
You have reached level 6!
* * * LOW HITPOINT WARNING * * *
You feel very sick. You block the gnoll's attack.
The gnoll hits you with a +0 whip.
You die...

.####..≈≈≈≈≈≈≈≈≈≈≈...≈≈≈≈≈≈
~
.......≈≈≈≈≈≈≈≈≈≈≈...≈≈≈≈≈≈
.####..≈≈#####...........##
.####..≈≈#.8.#.###.©.###.#.
..#....≈≈#...###.#####.# #
#.#)##.≈≈###..........
#.#....≈≈.8#.######+##
..####.≈≈.##.#P⌠/#..8# #.#
#.~~.#..+..@.g©⌠# #.#
#.≈≈.##.#P⌠g#..8# #.#
#.≈≈.8#.######'## #.#
#.≈≈###.......... #.#
#.≈≈#...###©#####. #.#
#.≈≈#.8.#.###.©. # #.#
#.≈≈#####....... #.#
#.≈≈≈≈≈≈≈≈≈≈≈≈~≈≈
#.####.≈≈≈≈≈≈≈


You could see 2 gnolls.

Vanquished Creatures
  Crazy Yiuf (D:2)
  An orc priest (D:3)
  Jessica (D:2)
  2 orc wizards (D:3)
  Robin (D:2)
  An adder (D:2)
  3 gnolls (D:3)
  A ribbon worm (D:2)
  3 dart slugs
  4 orcs (D:3)
  6 endoplasms
  A giant cockroach (D:2)
  10 goblins
  9 hobgoblins
  2 jackals (D:3)
  3 kobolds (D:1)
  3 quokkas
  4 ball pythons
  10 bats
  3 frilled lizards
  4 rats
73 creatures vanquished.

Notes
Turn   | Place    | Note
-------+----------+-------------------------------------------
     0 | D:1      | jkw2 the Minotaur Fighter began the quest for the Orb.
     0 | D:1      | Reached XP level 1. HP: 19/19 MP: 0/0
   125 | D:1      | Reached XP level 2. HP: 27/27 MP: 1/1
   450 | D:1      | Reached XP level 3. HP: 33/33 MP: 2/2
   682 | D:2      | Reached skill level 3 in Axes
   805 | D:2      | Noticed Jessica
   818 | D:2      | Killed Jessica
   819 | D:2      | Reached XP level 4. HP: 13/40 MP: 3/3
   962 | D:2      | Noticed Robin
   986 | D:2      | Reached skill level 4 in Axes
   991 | D:2      | Killed Robin
  1051 | D:2      | Found a faded altar of an unknown god.
  1059 | D:2      | Prayed at the altar of an unknown god.
  1059 | D:2      | Became a worshipper of Warmaster Okawaru
  1059 | D:2      | Reached * piety under Okawaru
  1078 | D:2      | Identified the +2 war axe of Guile {flame, Will+ Str-2
                  | Int+2}
  1254 | D:2      | Found a runed translucent door.
  1255 | D:2      | Noticed Crazy Yiuf
  1268 | D:2      | Killed Crazy Yiuf
  1269 | D:2      | Reached skill level 1 in Dodging
  1269 | D:2      | Reached XP level 5. HP: 3/47 MP: 4/4
  1581 | D:3      | Found Yphesyc's Distillery.
  1618 | D:3      | Reached skill level 5 in Axes
  1686 | D:3      | Bought a potion of mutation for 80 gold pieces
  1686 | D:3      | Gained mutation: You passively map a small area around you.
                  | [potion of mutation]
  1686 | D:3      | Gained mutation: You have a pair of large horns on your
                  | head. [potion of mutation]
  1949 | D:3      | Found the +1 Delatra's gloves {ID++}
  1951 | D:3      | Found a radiant altar of Vehumet.
  2034 | D:3      | Found Zitene's Distillery.
  2042 | D:3      | Bought a potion of mutation for 80 gold pieces
  2042 | D:3      | Lost mutation: You passively map a small area around you.
                  | [potion of mutation]
  2042 | D:3      | Lost mutation: You have a pair of large horns on your head.
                  | [potion of mutation]
  2042 | D:3      | Gained mutation: Your spells are a little harder to cast,
                  | but a little more powerful. [potion of mutation]
  2042 | D:3      | Gained mutation: You have an increased reservoir of magic.
                  | (+10% MP) [potion of mutation]
  2042 | D:3      | Gained mutation: Your spells are harder to cast, but more
                  | powerful. [potion of mutation]
  2153 | D:3      | Found a transporter.
  2167 | D:3      | Found a transporter.
  2170 | D:3      | Paralysed by a gnoll for 1 turns
  2181 | D:3      | Reached XP level 6. HP: 6/53 MP: 5/5
  2181 | D:3      | Slain by a gnoll

Illustrated notes

Levels and vault maps discovered:
D:1:      minmay_arrival_shattered_statue, layout_basic, serial_aquarium,
          aquarium_bridge_straight [aquarium_subvault_bridge,
          aquarium_subvault_wall, aquarium_subvault_bridge,
          aquarium_subvault_balcony], aquarium_window_1, aquarium_window_3,
          aquarium_window_2, aquarium_view_4, aquarium_view_2b,
          minmay_pentomino_x2
D:2:      layout_rooms, shapermc_ecumenical_altar_totnotflames, uniq_robin,
          uniq_crazy_yiuf_cottage, uniq_jessica
D:3:      layout_basic, vehumet_crystals, serial_shops,
          nicolae_shop_tiny_statue_garden, nicolae_shop_trees,
          gammafunk_ghost_gnarly_gnolls

Skill      XL: |  1  2  3  4  5 |
---------------+----------------+-----
Armour         | 4 |  4.8
Fighting       | 4 |  4.6
Shields        | 4 |  4.2
Axes           | 3 4 5 |  5.4
Dodging        | 1 |  1.7

Action                     |  1- 3 |  4- 6 || total
---------------------------+-------+-------++-------
  Melee: War axe           |    60 |    69 ||   129
         Headbutt          |     6 |     6 ||    12
    Use: Scroll            |     3 |       ||     3
         Potion            |       |     2 ||     2
 Armour: Scale mail        |    54 |    50 ||   104
  Dodge: Dodged            |    41 |    30 ||    71
  Block: Buckler           |    17 |    11 ||    28
